 Dungeon Crawl Stone Soup version 0.30-a0-330-g8f2769a82d (webtiles) character file.

Game seed: 16639098844317059010

18435 Engwar the Transmogrifier (level 11, -6/86 HPs)
             Began as an Octopode Transmuter on Oct 29, 2022.
             Was a Priest of Ru.
             Mangled by a death yak (21 damage)
             ... on level 1 of the Lair of Beasts.
             The game lasted 00:43:10 (13193 turns).

Engwar the Transmogrifier (Octopode Transmuter)    Turns: 13193, Time: 00:43:10

Health: -6/86      AC: 14    Str: 10    XL:     11   Next: 58%
Magic:  27/27      EV: 12    Int: 24    God:    Ru [***...]
Gold:   463        SH:  5    Dex: 14    Spells: 7/20 levels left

rFire   x . .      SeeInvis .      - Unarmed
rCold   + + .      Faith    .    (shield currently unavailable)
rNeg    . . .      Spirit   .    (helmet currently unavailable)
rPois   +          Reflect  +    r - amulet of reflection
rElec   .          Harm     .    i - +4 ring of protection
rCorr   .          Rampage  .    p - ring of magical power
Will    .....                    d - +6 ring of intelligence
Stlth   ++........               s - ring of protection from fire
HPRegen 0.34/turn                (no ring)
MPRegen 0.20/turn                (no ring)
                                 (no ring)
                                 (no ring)

@: ice-form, wereblooded, hasted, very quick
A: freezing attack, boosted hp, almost no armour, amphibious, 8 rings, large,
(camouflage 1), (gelatinous body 1), inexperienced 1, temperature sensitive,
(nimble swimmer 1), (tentacles)
a: End Transformation, Renounce Religion, Draw Out Power


You were on level 1 of the Lair of Beasts.
You worshipped Ru.
Ru was most pleased with you.
You were a creature of crystalline ice.
You visited 3 branches of the dungeon, and saw 13 of its levels.
You also visited: Ossuary and Bailey.

You collected 1001 gold pieces.
You spent 538 gold pieces at shops.

Inventory:

Missiles
 b - 6 atropa-tipped darts
 n - 2 throwing nets
Jewellery
 d - a +6 ring of intelligence (on tentacle)
 i - a +4 ring of protection (left front paw)
 p - a ring of magical power (right front paw)
 r - an amulet of reflection (around neck)
 s - a ring of protection from fire (on tentacle)
Wands
 e - a wand of mindburst (25)
 q - a wand of paralysis (7)
 u - a wand of digging (9)
Scrolls
 g - a scroll of magic mapping
 k - 4 scrolls of teleportation
 o - a scroll of torment
 t - 2 scrolls of identify
 v - 2 scrolls of fear
 w - 2 scrolls of amnesia
Potions
 a - 3 potions of lignification
 c - 3 potions of attraction
 f - a potion of resistance
 h - 3 potions of haste
 j - 11 potions of curing
 l - 3 potions of magic
 m - 2 potions of mutation
 x - a potion of flight
 z - 2 potions of brilliance


   Skills:
 - Level 6.0 Fighting
 - Level 6.0 Dodging
 - Level 3.0 Stealth
 - Level 12.0 Unarmed Combat
 - Level 5.0 Spellcasting
 - Level 3.0 Translocations
 + Level 12.5 Transmutations
 - Level 3.7 Ice Magic
 - Level 3.3 Poison Magic


You had 7 spell levels left.
You knew the following spells:

 Your Spells              Type           Power      Damage    Failure   Level
a - Beastly Appendage     Tmut           100%       N/A       1%          1
b - Wereblood             Tmut           60%        N/A       1%          2
c - Spider Form           Tmut/Pois      44%        N/A       1%          3
d - Blink                 Tloc           40%        N/A       3%          2
e - Ice Form              Ice/Tmut       45%        N/A       3%          4
f - Apportation           Tloc           40%        N/A       2%          1

Your spell library contained the following spells:

 Spells                   Type           Power      Damage    Failure   Level
 Momentum Strike          Conj/Tloc      26%        3d8       7%          2
 Petrify                  Tmut/Erth      36%        N/A       7%          4
 Lesser Beckoning         Tloc           40%        N/A       8%          3
 Necrotise                Necr           24%        1d5       9%          1
 Summon Small Mammal      Summ           24%        N/A       9%          1
 Hailstorm                Conj/Ice       15%        3d5       12%         3
 Sublimation of Blood     Necr           6%         N/A       13%         2
 Irradiate                Conj/Tmut      18%        3d17      19%         5
 Summon Guardian Golem    Hex/Summ       6%         N/A       26%         3
 Summon Lightning Spire   Summ/Air       6%         N/A       65%         4
 Simulacrum               Ice/Necr       7%         N/A       99%         6
 Storm Form               Tmut/Air       18%        N/A       99%         7
 Orb of Destruction       Conj           3%         9d5       100%        7
 Spellforged Servitor     Conj/Summ      3%         N/A       100%        7
 Summon Hydra             Summ           3%         N/A       100%        7
 Maxwell's Capacitive Co  Air            3%         ∞         100%        8


Dungeon Overview and Level Annotations

Branches:
Dungeon (11/15)            Temple (1/1) D:7            Lair (1/5) D:10
    Orc (0/2) D:9         Ossuary (visited)          Bailey (visited)

Altars:
Ashenzari
Cheibriados
Dithmenos
Elyvilon
Fedhas
Gozag
Hepliaklqana
Kikubaaqudgha
Makhleb
Nemelex Xobeh
Okawaru
Qazlal
Ru
Sif Muna
Trog
Uskayaw
Vehumet
Wu Jian
Xom
Yredelemnul
Zin
The Shining One

Shops:
D:3 *   D:6 *=(


Innate Abilities, Weirdness & Mutations

You are a creature of crystalline ice.
You have a powerful freezing melee attack.
Your maximum health is increased.
Your armour is entirely melded.
You are incapable of wielding weapons or throwing items.
You cannot wear most types of armour.
You are amphibious.
You can wear up to eight rings at the same time.
((Your skin changes colour to match your surroundings (Stealth+).))
((Your rubbery body absorbs attacks. (AC +1, EV +1)))
You are somewhat inexperienced. (-1 XL)
You are sensitive to extremes of temperature. (rF-, rC-)
((You are camouflaged when in or above water. (Stealth+)))
((You have tentacles for arms and can constrict up to eight enemies at once.))


Message History

You pummel the death yak!! You freeze the death yak.
The death yak is severely wounded.
You block the death yak's attack.
You hit the death yak but do no damage.
The death yak is severely wounded.
The death yak gores you but does no damage.
You completely miss the death yak.
The death yak is severely wounded.
You hit the death yak. You freeze the death yak.
The death yak is severely wounded.
You block the death yak's attack.
You hit the death yak. You freeze the death yak.
The death yak is severely wounded.
The death yak gores you!
* * * LOW HITPOINT WARNING * * *
You hit the death yak but do no damage.
The death yak is severely wounded.
The death yak barely misses you.
You feel yourself speed up. The death yak barely misses you.
You hit the death yak. You freeze the death yak.
The death yak is severely wounded.
You punch the death yak! You freeze the death yak.
The death yak is almost dead.
The death yak gores you but does no damage.
You hit the death yak. You freeze the death yak.
The death yak is almost dead.
You hit the death yak. You freeze the death yak.
You feel a bit better.
You kill the death yak!
You pummel the death yak!! You freeze the death yak.
The death yak is heavily wounded.
You hit the death yak but do no damage.
The death yak is heavily wounded.
The death yak gores you.
* * * LOW HITPOINT WARNING * * *
You hit the death yak but do no damage.
The death yak is heavily wounded.
You punch the death yak! You freeze the death yak.
The death yak is severely wounded.
The death yak gores you!!
You die...

.⌠.
..........#..............
...
####P###(.#..............
#..P...P..........
#.................
##..............)..
#..................
##.................
#................. ..
#Y##.#..#.####.### #..
#Y####..### ### #... #Y.#
#P.# ....########..#
.....#.......P#
$..>.....Y...##
#.......Y##..#
.####...####.# #.Y.# ..#


You could see 2 death yaks.

Vanquished Creatures
  Josephine (D:10)
  A hydra (Lair:1)
  Erolcha (D:10)
  Erica (D:10)
  4 death yaks (Lair:1)
  Nergalle (D:10)
  Pikel (D:7)
  An elephant (D:10)
  Joseph (D:7)
  3 centaur zombies (D:10)
  3 cane toads (Lair:1)
  An unseen horror zombie (D:10)
  Psyche (D:8)
  A komodo dragon (Lair:1)
  2 trolls
  4 blink frogs (Lair:1)
  A hornet (D:9)
  A meliai zombie (D:10)
  A shadow (D:9)
  7 yaks
  5 wraiths (D:10)
  A steam dragon (D:10)
  A vampire (D:10)
  A wyvern (Lair:1)
  2 basilisks
  Grum (D:8)
  Menkaure (D:7)
  4 water moccasins
  2 ice beasts
  6 black bears
  3 orc warriors
  A sky beast (D:7)
  8 wolves
  2 ogres
  2 centaurs
  3 lemures (D:7)
  An elf zombie (Ossuary)
  3 kobold brigands
  3 bullfrogs
  6 necrophages
  2 scorpions (D:5)
  10 wights
  5 killer bees (D:9)
  4 howler monkeys (D:9)
  3 hounds
  5 orc priests
  A gnoll bouda (D:9)
  2 human zombies
  3 iguanas (D:4)
  3 orc wizards
  4 mummies
  Robin (D:2)
  10 adders
  4 gnolls (D:9)
  5 white imps
  4 worms
  3 dart slugs
  32 orcs
  8 ball pythons
  2 bats
  9 endoplasms
  A giant cockroach (D:1)
  5 gnoll zombies (Ossuary)
  23 goblins
  18 hobgoblins
  2 jackals (D:2)
  25 kobolds
  4 quokkas
  A frilled lizard (D:2)
  5 goblin zombies (Ossuary)
  A hobgoblin zombie (Ossuary)
  An orc zombie (Ossuary)
  A rat (D:1)
300 creatures vanquished.

Vanquished Creatures (others)
  2 fungi
  4 plants
6 creatures vanquished.

Grand Total: 306 creatures vanquished

Notes
Turn   | Place    | Note
-------+----------+-------------------------------------------
     0 | D:1      | Engwar the Octopode Transmuter began the quest for the Orb.
     0 | D:1      | Reached XP level 1. HP: 13/13 MP: 3/3
    39 | D:1      | Reached skill level 1 in Stealth
    73 | D:1      | Reached XP level 2. HP: 18/18 MP: 5/5
    76 | D:1      | Learned a level 2 spell: Wereblood
   409 | D:1      | Reached XP level 3. HP: 14/23 MP: 6/6
   413 | D:1      | Learned a level 3 spell: Spider Form
   691 | D:2      | Noticed Robin
   847 | D:2      | Killed Robin
   848 | D:2      | Reached skill level 1 in Poison Magic
   848 | D:2      | Reached XP level 4. HP: 19/28 MP: 7/7
   925 | D:2      | You fall into a shaft and drop 1 floor!
   948 | D:3      | Found Odaz's General Store.
   957 | D:3      | Bought a potion of heal wounds for 70 gold pieces
  1254 | D:2      | Identified the +9 flail "Puter" {vorpal, rCorr MP+9}
  1462 | D:2      | Reached XP level 5. HP: 33/33 MP: 8/8
  2171 | D:4      | Noticed an ogre
  2200 | D:4      | Killed an ogre
  2201 | D:4      | Reached XP level 6. HP: 34/38 MP: 6/9
  2844 | D:4      | Reached XP level 7. HP: 19/45 MP: 7/10
  3440 | D:5      | Entered Level 5 of the Dungeon
  3538 | D:5      | Learned a level 2 spell: Blink
  3580 | D:5      | Reached skill level 5 in Transmutations
  3593 | D:5      | Found a sand-covered staircase.
  3598 | Ossuary  | Entered an ossuary
  3782 | Ossuary  | Reached XP level 8. HP: 52/54 MP: 7/11
  4109 | D:5      | Reached skill level 1 in Translocations
  4572 | D:6      | Found Urexyssy's Jewellery Shop.
  4691 | D:6      | Bought a +6 ring of intelligence for 468 gold pieces
  5191 | D:6      | Found Tugemmu's Antique Weapon Shop.
  5229 | D:6      | Found a burning altar of Makhleb.
  5375 | D:6      | Reached skill level 5 in Unarmed Combat
  5449 | D:6      | Reached XP level 9. HP: 52/58 MP: 13/13
  5489 | D:6      | Found Duilol's Assorted Antiques.
  5733 | D:7      | Found a white marble altar of Elyvilon.
  5782 | D:7      | Found a staircase to the Ecumenical Temple.
  5789 | D:7      | Found a flagged portal.
  5802 | Temple   | Entered the Ecumenical Temple
  6015 | Temple   | Became a worshipper of Ru the Awakened
  6038 | Bailey   | Entered a bailey
  6234 | D:7      | Identified the +9 quarterstaff "Azisk" {venom, rF+ rN+}
  6442 | D:7      | Learned a level 4 spell: Ice Form
  6821 | D:7      | Reached skill level 1 in Ice Magic
  6962 | D:7      | Noticed Joseph
  7160 | D:7      | Noticed Pikel
  7256 | D:7      | Killed Pikel
  7301 | D:7      | Learned a level 1 spell: Apportation
  7469 | D:7      | Noticed Menkaure
  7478 | D:7      | Killed Menkaure
  7728 | D:7      | Killed Joseph
  7729 | D:7      | Reached XP level 10. HP: 39/63 MP: 14/14
  8530 | D:8      | Noticed Grum
  8780 | D:8      | Killed Grum
  8947 | D:8      | Noticed Psyche
  8976 | D:8      | Killed Psyche
  9095 | D:8      | Reached skill level 10 in Transmutations
  9145 | D:8      | Identified the +0 ring mail "Egeiqu" {rC+ Will- Int+4
                  | Stlth+}
  9375 | D:9      | Gained mutation: You are sensitive to extremes of
                  | temperature. (rF-, rC-) [Ru sacrifice]
  9375 | D:9      | Reached * piety under Ru
  9375 | D:9      | Reached ** piety under Ru
  9535 | D:9      | Found a staircase to the Orcish Mines.
  9955 | D:9      | Identified the +1 flail "Spiderslayer" {freeze, rElec
                  | Stlth+}
 10108 | D:9      | Reached XP level 11. HP: 36/69 MP: 15/15
 10589 | D:10     | Entered Level 10 of the Dungeon
 10592 | D:10     | Found a staircase to the Lair.
 10861 | D:10     | Found an iron altar of Okawaru.
 10869 | D:10     | Noticed Erica
 10950 | D:10     | Noticed Nergalle
 10978 | D:10     | Killed Nergalle
 11024 | D:10     | Killed Erica
 11025 | D:10     | Reached skill level 10 in Unarmed Combat
 11530 | D:10     | Noticed Josephine
 11545 | D:10     | Killed Josephine
 11849 | D:10     | Reached skill level 5 in Fighting
 11849 | D:10     | Reached skill level 5 in Dodging
 11855 | D:10     | Found an ancient bone altar of Kikubaaqudgha.
 12060 | D:10     | Noticed Erolcha
 12071 | D:10     | Killed Erolcha
 12072 | D:10     | Reached XP level 12. HP: 40/79 MP: 16/16
 12415 | D:10     | Gained mutation: You are somewhat inexperienced. (-1 XL)
                  | [Ru sacrifice]
 12415 | D:10     | Reached XP level 11. HP: 72/72 MP: 24/24
 12415 | D:10     | Reached *** piety under Ru
 12441 | Lair:1   | Entered Level 1 of the Lair of Beasts
 12611 | Lair:1   | Noticed a six-headed hydra
 12624 | Lair:1   | Killed a six-headed hydra
 13118 | Lair:1   | Noticed a death yak
 13119 | Lair:1   | Noticed a death yak
 13129 | Lair:1   | Noticed a death yak
 13135 | Lair:1   | Noticed a death yak
 13138 | Lair:1   | Noticed a death yak
 13153 | Lair:1   | Killed a death yak
 13154 | Lair:1   | Reached skill level 5 in Spellcasting
 13160 | Lair:1   | Noticed a death yak
 13167 | Lair:1   | Killed a death yak
 13174 | Lair:1   | Killed a death yak
 13189 | Lair:1   | Killed a death yak
 13193 | Lair:1   | Mangled by a death yak

Illustrated notes

Levels and vault maps discovered:
D:1:      mainiacjoe_arrival_reflecting_pool, layout_basic, serial_bayou,
          serial_bayou_shore_a, serial_bayou_pond_b, serial_bayou_shore_b,
          serial_bayou_lagoon_a, serial_bayou_pond_c
D:2:      layout_loops_ring, uniq_robin
D:3:      layout_loops_ring, serial_shops, nicolae_diamond_shop
D:4:      cheibrodos_greedy_goblins, layout_basic
D:5:      layout_loops_ring, nicolae_ossuary_entry_false_entrances
D:6:      layout_basic, lightli_temple_of_fire, serial_shops, kennysheep_mini,
          nicolae_shop_hallway_stairs, nicolae_shop_advertising_works
          [nicolae_subvault_shop_adworks]
D:7:      layout_loops_ring, lemuel_doored_altar,
          minmay_temple_entry_proselytizer, enter_bailey_3, uniq_pikel,
          uniq_menkaure, uniq_joseph
D:8:      layout_cave_pools, uniq_psyche, uniq_grum
D:9:      layout_grid_maze, orc_0_dummy
D:10:     layout_rooms, lemuel_mausoleum_altar_kikubaaqudgha,
          okawaru_gym_becter, david_lair_generic, uniq_josephine, uniq_nergalle,
          uniq_erolcha, uniq_erica
D:11:     minmay_the_grid_triangle_9x9_rhombus_full_mashed
          [minmay_the_grid_triangle_9x9_corruption,
          minmay_the_grid_triangle_9x9_impossible_snake,
          minmay_the_grid_triangle_9x9_checkered,
          minmay_the_grid_triangle_9x9_minimal,
          minmay_the_grid_triangle_9x9_dagger,
          minmay_the_grid_triangle_9x9_swiss_cheese,
          minmay_the_grid_triangle_9x9_subtriangle,
          minmay_the_grid_triangle_9x9_prize_center], layout_stronghold,
          serial_bayou, serial_bayou_pond_d, serial_bayou_shore_b,
          serial_bayou_pond_c, serial_bayou_pond_b, minmay_alternating_orb
Temple:   mainiacjoe_temple_bowtie_tessellation
Lair:1:   layout_chaotic_city, chequers_serial_rivers_micro_e,
          grunt_megastairs_4, lemuel_fruit_tree

Skill      XL: |  1  2  3  4  5  6  7  8  9 10 11 |
---------------+----------------------------------+-----
Stealth        | 1 2 3 |  3.0
Poison Magic   | 1 3 |  3.3
Transmutations | 3 4 5 6 9 10 12 | 12.5
Unarmed Combat | 4 5 6 9 12 | 12.0
Fighting       | 2 3 4 6 |  6.0
Dodging        | 4 6 |  6.0
Translocations | 3 |  3.0
Spellcasting   | 3 5 |  5.0
Ice Magic      | 3 |  3.7

Action                   |  1- 3 |  4- 6 |  7- 9 | 10-12 || total
-------------------------+-------+-------+-------+-------++-------
Melee: Unarmed           |    86 |   133 |   399 |   456 ||  1074
       Constrict         |    21 |    26 |    54 |     6 ||   107
       Tentacles         |    14 |    24 |    61 |     6 ||   105
       Kick              |    10 |    14 |    76 |     3 ||   103
       Punch             |     1 |     3 |    13 |     1 ||    18
 Cast: Beastly Appendage |     6 |    11 |    19 |     1 ||    37
       Spider Form       |       |     5 |    13 |     3 ||    21
       Wereblood         |       |       |     5 |     1 ||     6
       Ice Form          |       |       |     3 |    32 ||    35
       Blink             |       |       |     2 |     7 ||     9
Invok: Sacrifice Resista |       |       |       |     1 ||     1
       Sacrifice Experie |       |       |       |     1 ||     1
 Abil: End Transformatio |       |       |       |     1 ||     1
  Use: Scroll            |       |    10 |     9 |     6 ||    25
       Potion            |       |       |     1 |     3 ||     4
 Stab: Sleeping          |     4 |     9 |     8 |     7 ||    28
       Distracted        |       |     1 |       |     1 ||     2
       Invisible         |       |       |       |     3 ||     3
Armor: Skin              |     7 |    20 |    72 |   171 ||   270
Dodge: Dodged            |    55 |    65 |   321 |   190 ||   631
Block: Other             |       |       |       |    74 ||    74
       Reflection        |       |       |       |     1 ||     1

Table legend: (Time is in decaauts)
 A = Elapsed time spent in this place.
 B = Non-inter-level travel time spent in this place.
 C = Inter-level travel time spent in this place.
 D = Time resting spent in this place.
 E = Time spent auto-exploring this place.
 F = Levels seen in this place.
 G = Mean time per level.
                   A        B        C        D        E       F      G
               +--------+--------+--------+--------+--------+-----+--------+
         Total |  13104 |  12614 |    490 |   2984 |   6766 |  15 |  873.6 |
       Dungeon |  11874 |  11405 |    469 |   2890 |   6071 |  11 | 1079.5 |
        Temple |    222 |    202 |     20 |      0 |    188 |   1 |  222.0 |
          Lair |    727 |    727 |      0 |      0 |    507 |   1 |  727.0 |
       Ossuary |    251 |    251 |      0 |     94 |      0 |   1 |  251.0 |
        Bailey |     28 |     28 |      0 |      0 |      0 |   1 |   28.0 |
               +--------+--------+--------+--------+--------+-----+--------+

Top non-repeatable levels by time:
     D:7: 2218 daAuts
    D:10: 1788 daAuts
     D:6: 1369 daAuts
     D:9: 1329 daAuts
     D:4: 1281 daAuts
     D:8: 934 daAuts
     D:1: 831 daAuts
     D:5: 800 daAuts
  Lair:1: 727 daAuts
     D:2: 712 daAuts
     D:3: 606 daAuts
 Ossuary: 251 daAuts
  Temple: 222 daAuts
  Bailey: 28 daAuts
    D:11: 1 daAuts
